 Dungeon Sprint DCSS version 0.21.1-1-g345015f (webtiles) character file.

4200000 Fang the Axe Maniac (level 22, -4/233 HPs)
             Began as a Minotaur Gladiator on May 31, 2018.
             Was the Champion of Makhleb.
             Slain by a destroyer
             ... wielding a +9 great sword of slicing
              (40 damage)
             ... in the Dungeon (Sprint VIII: "Arena of Blood").
             The game lasted 00:00:46 (42 turns).

Fang the Axe Maniac (Minotaur Gladiator)              Turns: 42, Time: 00:00:46

Health: -4/233     AC:  6    Str: 28    XL:     22   Next: 21%
Magic:  20/52      EV: 29    Int:  5    God:    Makhleb [******]
Gold:   0          SH:  0    Dex: 13    Spells: 75/75 levels left

rFire    . . .     SeeInvis .   l - +∞ Axe of Woe
rCold    . . .     Gourm    .   (shield currently unavailable)
rNeg     . . .     Faith    .   b - +0 leather armour
rPois    .         Spirit   .   c - +0 hat
rElec    .         Reflect  .   (no cloak)
rCorr    .         Harm     .   (no gloves)
MR       +....     NoTele   +   (no boots)
Stlth    +++++++++.             (no amulet)
HPRegen  0.48/turn              (no ring)
MPRegen  0.33/turn              (no ring)

@: no status effects
A: retaliatory headbutt, horns 2
a: Minor Destruction, Lesser Servant of Makhleb, Major Destruction, Greater
Servant of Makhleb, Renounce Religion


You were in the Dungeon.
You worshipped Makhleb.
Makhleb was exalted by your worship.
You were not hungry.

You visited 1 branch

Inventory:

Hand Weapons
 a - a +0 war axe
 l - the +∞ Axe of Woe (weapon)
   (You found it in the Dungeon)
Missiles
 d - 3 throwing nets (quivered)
Armour
 b - a +0 leather armour (worn)
 c - a +0 hat (worn)
Scrolls
 k - a scroll of blinking
Potions
 e - a potion of curing
 g - a potion of heal wounds
 h - a potion of haste
 i - 2 potions of magic
 j - a potion of berserk rage
Comestibles
 f - a ration


   Skills:
 O Level 27 Fighting
 O Level 27 Axes
 O Level 27 Throwing
 O Level 27 Armour
 O Level 27 Dodging
 O Level 27 Stealth
 O Level 27 Unarmed Combat
 O Level 27 Spellcasting
 O Level 27 Invocations


You had 75 spell levels left.
You didn't know any spells.

Dungeon Overview and Level Annotations

Branches:
Dungeon (1/1)

Altars:
Makhleb


Innate Abilities, Weirdness & Mutations

You reflexively headbutt those who attack you in melee.
You have a pair of horns on your head.


Message History

The destroyer is wielding a +9 great sword of slicing.
Things that are here:
a +9 war axe; a +30 ring of slaying You hit the bag of meat but do no damage.
You dissect the bag of meat like a pig carcass.
You kill the bag of meat!
Makhleb accepts your kill.
You feel better.
You hear a shout!
The destroyer blinks! x2
You hear a shout! x3
A bag of meat comes into view. It is wielding a +9 war axe.
You hear a shout! x4
The destroyer blinks!
You hear a shout! x2
The destroyer is engulfed in blazing flames.
The destroyer hits you with a +9 great sword of slicing!!!!!
Ouch! That really hurt!
* * * LOW HITPOINT WARNING * * *
You die...

...........
......... #.....§.#
. #.......# ..
..###... .§.###...
..o...###)...V...
......._.%V......
...#)§§V)#......
#_§§§@# .....
#)§§))# ....
#...%...._)))......
..o%....###........
...###... ...###...
.. #... ..V# ..
#....oo.# ....o....
....o.....


You could see 3 destroyers and 4 bags of meat.

Vanquished Creatures
  10 ogres (D)
  A two-headed ogre (D)
  16 orcs (D)
  A skeletal warrior (D)
28 creatures vanquished.

Notes
Turn   | Place    | Note
-------+----------+-------------------------------------------
     0 | D        | Found the +∞ Axe of Woe
     0 | D        | Fang the Minotaur Gladiator began the quest for the Orb.
     0 | D        | Reached XP level 1. HP: 18/18 MP: 0/0
     4 | D        | Became a worshipper of Makhleb the Destroyer
     5 | D        | Noticed a meat berserker
     5 | D        | Noticed a bag of meat
     7 | D        | Noticed a meat berserker
     7 | D        | Killed a meat berserker
     7 | D        | Reached XP level 2. HP: 47/47 MP: 1/1
     7 | D        | Reached XP level 3. HP: 53/53 MP: 2/2
     7 | D        | Reached XP level 4. HP: 61/61 MP: 3/3
     7 | D        | Reached XP level 5. HP: 68/68 MP: 4/4
     7 | D        | Reached XP level 6. HP: 75/75 MP: 5/5
     7 | D        | Reached XP level 7. HP: 82/82 MP: 6/6
     7 | D        | Reached XP level 8. HP: 90/90 MP: 7/7
     7 | D        | Reached XP level 9. HP: 96/96 MP: 8/8
     7 | D        | Reached XP level 10. HP: 104/104 MP: 9/9
     7 | D        | Reached XP level 11. HP: 111/111 MP: 10/10
     7 | D        | Reached XP level 12. HP: 118/118 MP: 11/11
     7 | D        | Reached XP level 13. HP: 125/125 MP: 12/12
     9 | D        | Killed a meat berserker
     9 | D        | Reached * piety under Makhleb
     9 | D        | Reached XP level 14. HP: 75/138 MP: 13/13
    10 | D        | Noticed a bag of meat
    10 | D        | Killed a bag of meat
    10 | D        | Reached skill level 27 in Axes
    11 | D        | Noticed a bag of meat
    11 | D        | Noticed a bag of meat
    11 | D        | Noticed a meat berserker
    12 | D        | Noticed a meat berserker
    13 | D        | Noticed a bag of meat
    13 | D        | Killed a bag of meat
    13 | D        | Reached skill level 27 in Dodging
    13 | D        | Reached XP level 15. HP: 81/156 MP: 14/14
    14 | D        | Killed a meat berserker
    14 | D        | Reached ** piety under Makhleb
    14 | D        | Reached skill level 5 in Armour
    15 | D        | Noticed a meat berserker
    16 | D        | Killed a meat berserker
    16 | D        | Reached skill level 27 in Fighting
    16 | D        | Reached XP level 16. HP: 168/183 MP: 15/15
    16 | D        | Reached skill level 10 in Armour
    18 | D        | Noticed a meat berserker
    18 | D        | Reached *** piety under Makhleb
    18 | D        | Reached skill level 27 in Throwing
    18 | D        | Reached XP level 17. HP: 191/191 MP: 16/16
    21 | D        | Killed a meat berserker
    21 | D        | Reached skill level 27 in Armour
    21 | D        | Reached **** piety under Makhleb
    21 | D        | Reached skill level 10 in Invocations
    21 | D        | Reached XP level 18. HP: 150/200 MP: 16/27
    22 | D        | Noticed a meat berserker
    24 | D        | Noticed a meat berserker
    24 | D        | Killed a meat berserker
    24 | D        | Reached skill level 15 in Invocations
    26 | D        | Reached skill level 15 in Stealth
    26 | D        | Reached XP level 19. HP: 207/207 MP: 16/34
    27 | D        | Killed a meat berserker
    27 | D        | Reached ***** piety under Makhleb
    27 | D        | Reached skill level 15 in Spellcasting
    28 | D        | Noticed a meat berserker
    29 | D        | Killed a meat berserker
    29 | D        | Reached XP level 20. HP: 216/216 MP: 17/39
    31 | D        | Noticed a meat berserker
    32 | D        | Killed a meat berserker
    33 | D        | Reached skill level 27 in Unarmed Combat
    34 | D        | Noticed a large bag of meat
    35 | D        | Killed a meat berserker
    35 | D        | Reached ****** piety under Makhleb
    35 | D        | Reached XP level 21. HP: 224/224 MP: 18/44
    36 | D        | Reached skill level 27 in Invocations
    37 | D        | Noticed a destroyer
    38 | D        | Noticed a destroyer
    38 | D        | Reached skill level 27 in Stealth
    39 | D        | Noticed a destroyer
    39 | D        | Killed a large bag of meat
    39 | D        | Reached skill level 27 in Spellcasting
    39 | D        | Reached XP level 22. HP: 233/233 MP: 19/52
    41 | D        | Noticed a destroyer
    42 | D        | Slain by a destroyer

Skill      XL: |  1  2  3  4  5  6  7  8  9 10 11 12 13 14 15 16 17 18 19 20 21 |
---------------+----------------------------------------------------------------+-----
Fighting       | 14 16 20 27 | 27.0
Axes           | 23 26 27 | 27.0
Throwing       | 11 13 16 24 27 | 27.0
Dodging        | 21 24 27 | 27.0
Armour         | 2 8 17 27 | 27.0
Stealth        | 9 15 20 25 27 | 27.0
Unarmed Combat | 11 18 23 27 | 27.0
Spellcasting   | 7 12 16 20 27 | 27.0
Invocations    | 10 16 21 26 27 | 27.0

Action                   |  1- 3 |  4- 6 |  7- 9 | 10-12 | 13-15 | 16-18 | 19-21 | 22-24 || total
-------------------------+-------+-------+-------+-------+-------+-------+-------+-------++-------
Melee: Executioner's axe |     1 |       |       |       |     5 |     6 |     9 |     1 ||    22
Dodge: Dodged            |       |       |       |       |     1 |     1 |     1 |     1 ||     4
